 Dungeon Crawl Stone Soup version 0.28-a0-94-g325244837d (webtiles) character file.

Game seed: 11744157398645109506

13 vjdl the Digger (level 2, -6/15 HPs)
             Began as a Gargoyle Earth Elementalist on Aug 7, 2021.
             Mangled by Crazy Yiuf (18 damage)
             ... while paralysed by Crazy Yiuf
             ... on level 2 of the Dungeon.
             The game lasted 00:02:01 (1285 turns).

vjdl the Digger (Gargoyle Earth Elementalist)       Turns: 1285, Time: 00:02:01

Health: -6/15      AC:  4    Str: 17    XL:     2   Next: 37%
Magic:  3/5        EV:  2    Int: 15    God:
Gold:   62         SH:  0    Dex: 10    Spells: 4/5 levels left

rFire   . . .      SeeInvis .   j - +0 mace
rCold   . . .      Faith    .   (no shield)
rNeg    + . .      Spirit   .   b - +0 robe
rPois   ∞          Reflect  .   (no helmet)
rElec   +          Harm     .   (no cloak)
rCorr   .          Rampage  .   (no gloves)
Will    .....                   (no boots)
Stlth   ++........              (no amulet)
HPRegen 0.05/turn               d - +6 ring of strength
MPRegen 0.09/turn               (no ring)

@: paralysed
A: sickness immunity, AC +2, negative energy resistance 1, electricity
resistance, torment resistance 1, petrification resistance
a: no special abilities


You were on level 2 of the Dungeon.
You visited 1 branch of the dungeon, and saw 2 of its levels.

You collected 62 gold pieces.

Inventory:

Hand Weapons
 j - a +0 mace (weapon)
Missiles
 c - 98 stones
Armour
 b - a +0 robe (worn)
Jewellery
 d - a +6 ring of strength (left hand)
Potions
 f - a potion of resistance {unknown}
 h - a potion of might {unknown}


   Skills:
 - Level 1.5 Dodging
 - Level 2.1 Stealth
 + Level 2.4 Spellcasting
 - Level 0.7 Transmutations
 + Level 4.1 Earth Magic


You had 4 spell levels left.
You knew the following spells:

 Your Spells              Type           Power      Damage    Failure   Level
a - Sandblast             Erth           28%        2d8       3%          1

Your spell library contained the following spells:

 Spells                   Type           Power      Damage    Failure   Level
 Passwall                 Tmut/Erth      7%         N/A       12%         2
 Stone Arrow              Conj/Erth      16%        3d8       26%         3
 Blink                    Tloc           N/A        N/A       32%         2
 Petrify                  Tmut/Erth      9%         N/A       61%         4
 Manifold Assault         Tloc           1%         N/A       99%         5
 Storm Form               Tmut/Air       1%         N/A       100%        7


Dungeon Overview and Level Annotations

Branches:
Dungeon (2/15)

Altars:

Annotations:
D:2 Crazy Yiuf


Innate Abilities, Weirdness & Mutations

You are immune to sickness and miasma.
Your stone body is resilient. (AC +2)
You are immune to poison.
You resist negative energy. (rN+)
You are resistant to electric shocks. (rElec)
You are resistant to unholy torment.
You are immune to petrification.


Message History

You hit the goblin.
You kill the goblin!
No target in view!
No target in view!
No target in view!
Things that are here:
a +0 dagger; a goblin corpse You now have 62 gold pieces (gained 6).
You open the door.
Found a stone staircase leading up.
Found a stone staircase leading down.
There is an open door here.
c - 100 stones (gained 18)
You pick up an Inescapable Atlas and begin reading...
You add the spells Blink, Manifold Assault and Storm Form to your library.
Found a mace.
Found a runed translucent door.
Crazy Yiuf shouts!
Crazy Yiuf grits, "Mugger broken sanguine!"
You open the door.
Crazy Yiuf says, "Key!"
Casting: Sandblast (safe; 3% risk of failure)
Confirm with . or Enter, or press ? or * to list all spells.
Aiming: Sandblast (safe; 3% risk of failure)
Press: ? - help, Shift-Dir - straight line, f - Crazy Yiuf
Aim: Crazy Yiuf, wielding a +4 quarterstaff of chaos and wearing a +0 cloak (82% to hit)
The blast of sand misses Crazy Yiuf.
Crazy Yiuf says, "Fluff seventy high!"
Crazy Yiuf closely misses you.
Casting: Sandblast (safe; 3% risk of failure)
Confirm with . or Enter, or press ? or * to list all spells.
Aiming: Sandblast (safe; 3% risk of failure)
Press: ? - help, Shift-Dir - straight line, f/p - Crazy Yiuf
Aim: Crazy Yiuf, wielding a +4 quarterstaff of chaos and wearing a +0 cloak (82% to hit)
The blast of sand hits Crazy Yiuf.
Crazy Yiuf is lightly wounded.
Crazy Yiuf hits you with a +4 quarterstaff of chaos.
You suddenly lose the ability to move!
Crazy Yiuf hits you with a +4 quarterstaff of chaos!!
Ouch! That really hurt!
You die...

♣♣♣♣♣### ###
♣♣♣.♣....## #####
#...#♣..♣......###....
#...g@♣♣♣♣P.....##....
#)..#♣♣ ♣♣.....##....
### ♣♣##..##....
#.###.... #.'......
###############.##<####
#..........#....#######
#..........#..........#
#..........##.........#


You could see Crazy Yiuf.

Vanquished Creatures
  A dart slug (D:1)
  2 bats (D:1)
  An endoplasm (D:2)
  A goblin (D:2)
  A hobgoblin (D:2)
  A quokka (D:1)
  A ball python (D:1)
  A kobold (D:1)
  2 rats (D:1)
11 creatures vanquished.

Notes
Turn   | Place    | Note
-------+----------+-------------------------------------------
     0 | D:1      | vjdl the Gargoyle Earth Elementalist began the quest for
                  | the Orb.
     0 | D:1      | Reached XP level 1. HP: 10/10 MP: 3/3
   604 | D:1      | Reached XP level 2. HP: 13/15 MP: 5/5
   911 | D:1      | Reached skill level 4 in Earth Magic
  1278 | D:2      | Found a runed translucent door.
  1279 | D:2      | Noticed Crazy Yiuf
  1284 | D:2      | Paralysed by Crazy Yiuf for 6 turns
  1285 | D:2      | Mangled by Crazy Yiuf

Illustrated notes

Levels and vault maps discovered:
D:1:      nagdon_arrival_double_spiral, layout_loops_ring,
          minmay_misc_feat_diagonals, nrook_uturn, minmay_statues_item,
          grunt_decor_fettered, solitary_fountain
D:2:      layout_basic, basic_ecumenical_altar, hangedman_decor_points,
          uniq_crazy_yiuf_cottage

Skill      XL: |  1  2 |
---------------+-------+-----
Earth Magic    | 4 |  4.1
Dodging        | |  1.5
Stealth        | |  2.1
Spellcasting   | |  2.4
Transmutations | |  0.7

Action                   || total
-------------------------++-------
Melee: Club              ||    10
       Mace              ||     6
 Cast: Sandblast         ||     7
  Use: Scroll            ||     3
Armor: Robe              ||     8
Dodge: Dodged            ||    16

Table legend: (Time is in decaauts)
 A = Elapsed time spent in this place.
 B = Non-inter-level travel time spent in this place.
 C = Inter-level travel time spent in this place.
 D = Time resting spent in this place.
 E = Time spent auto-exploring this place.
 F = Levels seen in this place.
 G = Mean time per level.
                   A        B        C        D        E       F      G
               +--------+--------+--------+--------+--------+-----+--------+
         Total |   1360 |   1287 |     73 |      0 |   1186 |   2 |  680.0 |
       Dungeon |   1360 |   1287 |     73 |      0 |   1186 |   2 |  680.0 |
               +--------+--------+--------+--------+--------+-----+--------+

Top non-repeatable levels by time:
     D:1: 1167 daAuts
     D:2: 192 daAuts
